 Dungeon Crawl Stone Soup version 0.19.1-1-g22dce08 (webtiles) character file.

95 mopl the Skirmisher (level 4, -1/45 HPs)
             Began as an Ogre Arcane Marksman on Jan 6, 2017.
             Slain by an ogre
             ... wielding a +0 giant club
              (18 damage)
             ... on level 4 of the Dungeon.
             The game lasted 00:03:24 (2789 turns).

mopl the Skirmisher (Ogre Arcane Marksman)          Turns: 2789, Time: 00:03:25

Health: -1/45      AC:  4    Str: 16    XL:     4   Next: 65%
Magic:  0/5        EV: 10    Int: 12    God:
Gold:   150        SH:  0    Dex: 10    Spells: 1 memorised, 4 levels left

rFire  . . .     SeeInvis .     g - +0 whip
rCold  . . .     Gourm    .     a - +0 robe
rNeg   . . .     Faith    .     (no shield)
rPois  .         Spirit   .     (helmet restricted)
rElec  .         Reflect  .     q - +0 cloak
rCorr  .         Harm     .     (gloves unavailable)
MR     .....                    (boots unavailable)
Stlth  +.........               (no amulet)
                                (no ring)
                                l - ring of wizardry

@: no status effects
A: unfitting armour, tough skin 1
a: no special abilities


You were on level 4 of the Dungeon.
You were not hungry.

You visited 1 branch of the dungeon, and saw 4 of its levels.

You collected 150 gold pieces.

Inventory:

Hand Weapons
 g - a +0 whip (weapon)
 j - a +0 club
Missiles
 c - a large rock (quivered)
 d - 2 throwing nets
 e - 10 stones
 t - 28 poisoned needles
Armour
 a - a +0 robe (worn)
 q - a +0 cloak (worn)
Jewellery
 l - a ring of wizardry (left hand)
Scrolls
 h - a scroll of teleportation {unknown}
 k - 6 scrolls of identify {unknown}
 m - 2 scrolls of remove curse {unknown}
 n - a scroll of immolation {unknown}
Potions
 o - a potion of heal wounds {unknown}
 p - a potion of invisibility {unknown}
 r - a potion of brilliance {unknown}
 s - a potion of might {unknown}
 u - 2 potions of agility {unknown}
 v - a potion of curing {unknown}
Books
 b - a book of Debilitation

   Spells                             Type                      Level
   a - Corona                         Hexes                        1
   b - Slow                           Hexes                        2
   c - Gell's Gravitas                Hexes/Translocation          3
   d - Inner Flame                    Hexes/Fire                   3
   e - Cause Fear                     Hexes                        4
   f - Leda's Liquefaction            Hexes/Earth                  4
Comestibles
 f - 4 bread rations
 i - 2 meat rations


   Skills:
 + Level 3.3 Fighting
 * Level 3.1 Maces & Flails
 + Level 3.1 Throwing
 - Level 1.7 Dodging
 - Level 1.2 Spellcasting
 - Level 2.1 Hexes


You had 4 spell levels left.
You knew the following spells:

 Your Spells              Type           Power        Failure   Level  Hunger
a - Corona                Hex            #......      6%          1    ##.....


Dungeon Overview and Level Annotations

Branches:
Dungeon (4/15)
 Temple: D:4-7

Altars:
The Shining One

Annotations:
D:2 Robin


Innate Abilities, Weirdness & Mutations

You are too large for most types of armour.
You have tough skin. (AC +1)


Message History

Press: ? - help, Shift-Dir - straight line, f/p - ogre
Aim: an ogre, wielding a giant club (softly glowing)
You throw a large rock. The large rock hits the ogre!
The ogre is moderately wounded.
The ogre hits you with a giant club!
Unknown command.
Throwing (i - inventory. (,) - cycle):
c - 3 large rocks (quivered)
Press: ? - help, Shift-Dir - straight line, f/p - ogre
Aim: an ogre, wielding a giant club (lightly wounded, softly glowing)
You throw a large rock. The large rock hits the ogre.
The ogre is moderately wounded.
The ogre hits you with a giant club!! The ogre closely misses you.
Unknown command.
Throwing (i - inventory. (,) - cycle):
c - 2 large rocks (quivered)
Press: ? - help, Shift-Dir - straight line, f/p - ogre
Aim: an ogre, wielding a giant club (moderately wounded, softly glowing)
You throw a large rock. The large rock hits the ogre!
The ogre is heavily wounded.
The ogre hits you with a giant club!!
You die...

### ..#
#.# #.#
#.# #.#
#..####O#
#......@#
#..?....#
.......##
###....
##.#.
###. #.
#.


You could see an ogre.

Vanquished Creatures
  A hound (D:3)
  An adder (D:3)
  A worm (D:3)
  A dart slug (D:2)
  2 leopard geckos (D:1)
  3 giant cockroaches
  11 goblins
  6 hobgoblins
  3 jackals (D:2)
  6 kobolds
  A quokka (D:2)
  A ball python (D:3)
  2 bats (D:1)
  3 frilled lizards
  3 rats
45 creatures vanquished.

Notes
Turn   | Place    | Note
-------+----------+-------------------------------------------
     0 | D:1      | mopl the Ogre Arcane Marksman began the quest for the Orb.
     0 | D:1      | Reached XP level 1. HP: 19/19 MP: 2/2
    86 | D:1      | Reached skill level 2 in Fighting
   356 | D:1      | Reached XP level 2. HP: 10/29 MP: 3/3
  1010 | D:1      | Reached skill level 1 in Maces & Flails
  1398 | D:2      | Reached XP level 3. HP: 27/36 MP: 4/4
  1742 | D:2      | Reached skill level 2 in Maces & Flails
  2094 | D:2      | Noticed Robin
  2101 | D:2      | Reached skill level 3 in Fighting
  2278 | D:3      | Reached XP level 4. HP: 16/45 MP: 3/5
  2288 | D:3      | Reached skill level 3 in Maces & Flails
  2497 | D:3      | Found a glowing golden altar of the Shining One.
  2521 | D:3      | Reached skill level 3 in Throwing
  2754 | D:3      | Noticed an orc warrior
  2781 | D:4      | Noticed an ogre
  2789 | D:4      | Slain by an ogre

Skill      XL: |  1  2  3  4 |
---------------+-------------+-----
Fighting       | 2 3 |  3.3
Maces & Flails | 1 2 3 |  3.1
Throwing       | 3 |  3.1
Dodging        | |  1.7
Spellcasting   | |  1.2
Hexes          | |  2.1

Action                   |  1- 3 |  4- 6 || total
-------------------------+-------+-------++-------
Melee: Unarmed           |    65 |       ||    65
       Dagger            |    27 |       ||    27
       Whip              |   113 |    23 ||   136
       Club              |     4 |       ||     4
Throw: Large rock        |     2 |     6 ||     8
       Stone             |     1 |       ||     1
 Cast: Corona            |     1 |     6 ||     7
  Eat: Chunk             |     4 |     2 ||     6
Armor: Robe              |    51 |     7 ||    58
Dodge: Dodged            |   130 |    12 ||   142
